 Dungeon Crawl Stone Soup version 0.32-a0-999-gfa1cc04b1d (webtiles) character file.

Game seed: 9589669777088045499

23 chippings the Trooper (level 2, 0/28 HPs)
             Began as a Draconian Wanderer on Apr 25, 2024.
             Slain by an adder (2 damage)
             ... on level 4 of the Dungeon.
             The game lasted 00:03:39 (1090 turns).

chippings the Trooper (Draconian Wanderer)          Turns: 1090, Time: 00:03:40

Health: 0/28       AC:  4    Str: 17    XL:     2   Next: 75%
Magic:  4/4        EV: 10    Int: 13    God:
Gold:   59         SH:  0    Dex:  6    Spells: 3/4 levels left

rFire   . . .        e - +0 halberd
rCold   . . .        (shield currently unavailable)
rNeg    . . .        (body armour unavailable)
rPois   .            (helmet restricted)
rElec   .            (no cloak)
rCorr   .            (no gloves)
SInv    +            (no boots)
Will    .....        (no amulet)
Stlth   +            i - ring of see invisible
HPRegen 0.24/turn    (no ring)
MPRegen 0.09/turn

%: no passive effects
@: lethally poisoned (0 -> -3)
A: AC +4, unfitting armour, cold-blooded
a: no special abilities


You were on level 4 of the Dungeon.
You visited 1 branch of the dungeon, and saw 3 of its levels.

You collected 59 gold pieces.

Inventory:

Hand Weapons
 e - a +0 halberd (weapon)
Jewellery
 i - a ring of see invisible (left hand)
Wands
 l - a wand of acid (13)
Scrolls
 a - a scroll of teleportation {unknown}
 c - 4 scrolls of blinking {unknown}
 f - a scroll of poison {unknown}
 h - 4 scrolls of identify {unknown}
 k - a scroll of noise {unknown}
Potions
 b - a potion of attraction
 d - a potion of berserk rage {unknown}
 g - a potion of curing
 j - a potion of heal wounds {unknown}


   Skills:
 + Level 4.7 Fighting
 + Level 0.4 Polearms
 - Level 1.0 Dodging
 + Level 1.5 Spellcasting
 + Level 3.3 Translocations
 - Level 1.0 Air Magic


You had 3 spell levels left.
You knew the following spells:

 Your Spells              Type           Power      Damage    Failure   Level
a - Apportation           Tloc           18%        N/A       7%          1

Your spell library contained the following spells:

 Spells                   Type           Power      Damage    Failure   Level
 Mercury Vapours          Alch/Air       4%         N/A       32%         2
 Cigotuvi's Dreadful Rot  Necr/Alch/Air  2%         N/A       34%         2
 Vhi's Electric Charge    Tloc/Air       12%        N/A       73%         4
 Iskenderun's Mystic Bla Conj/Tloc 5%             2d3        (+2d1     80%         4


Dungeon Overview and Level Annotations

Branches:
Dungeon (2/15)

Altars:


Innate Abilities, Weirdness & Mutations

Your plain brown scales are hard. (AC +4)
You cannot fit into any form of body armour.
You are cold-blooded and may be slowed by cold attacks.


Message History

The adder barely misses you. The adder bites you but does no damage.
You miss the adder. The adder misses you. The adder closely misses you.
You miss the adder.
Your tail-slap misses the adder.
The adder bites you.
* * * LOW HITPOINT WARNING * * *
The adder bites you but does no damage.
You hit the adder but do no damage.
The adder bites you but does no damage. x2
You barely miss the adder.
The adder bites you but does no damage. x2
You closely miss the adder. The adder barely misses you.
The adder closely misses you.
You closely miss the adder. The adder closely misses you. The adder bites you.
* * * LOW HITPOINT WARNING * * *
You closely miss the adder. You tail-slap the adder.
The adder is moderately wounded.
The adder bites you.
* * * LOW HITPOINT WARNING * * *
The adder closely misses you.
You miss the adder. You tail-slap the adder.
The adder is heavily wounded.
The adder bites you but does no damage. x2
You barely miss the adder.
The adder is heavily wounded.
The adder barely misses you.
You barely miss the adder.
The adder is heavily wounded.
The adder bites you but does no damage. The adder closely misses you.
You barely miss the adder.
The adder is heavily wounded.
The adder bites you but does no damage. The adder bites you.
* * * LOW HITPOINT WARNING * * *
You barely miss the adder.
The adder is moderately wounded.
The adder barely misses you. The adder bites you.
* * * LOW HITPOINT WARNING * * *
You are lethally poisoned!
The adder poisons you!
You miss the adder.
The adder is moderately wounded.
* * * LOW HITPOINT WARNING * * *
You feel sick. The adder bites you.
You die...

#.#.#.##
.#.#.#.#
#.#.#.##
.#.#.#.##
#.#.#.#.# ##
.#.#.#..## .#
#.#.#.#..# .#
#####..#.#
####S#
.......#.#
#..@.#
#.###.##.#
#.####
#.....##.#####.#
#####.##.......#
############


You could see an adder.

Vanquished Creatures
  2 ribbon worms
  2 bats
  2 endoplasms
  2 goblins (D:1)
  A hobgoblin (D:1)
  A quokka (D:2)
  3 frilled lizards (D:2)
  3 kobolds
  2 rats
18 creatures vanquished.

Notes
Turn   | Place    | Note
-------+----------+-------------------------------------------
     0 | D:1      | chippings the Draconian Wanderer began the quest for the
                  | Orb.
     0 | D:1      | chippings set off with the following items: a +0 club, a
                  | potion of attraction, a potion of curing; and the following
                  | spell memorised: Apportation; and the following spells
                  | available to memorise: Mercury Vapours, Cigotuvi's Dreadful
                  | Rot, Vhi's Electric Charge, Iskenderun's Mystic Blast.
     0 | D:1      | Reached XP level 1. HP: 22/22 MP: 2/2
   388 | D:1      | Reached XP level 2. HP: 28/28 MP: 3/3
   399 | D:1      | Found a faded altar of an unknown god.
   987 | D:2      | You fall into a shaft and drop 2 floors!
  1090 | D:4      | Slain by an adder

Illustrated notes

Levels and vault maps discovered:
D:1:      sevenhm_arrival_forest_fort_large_2, layout_loops_cross,
          ebering_ecumenical_altar_box, minmay_hexomino_r4
D:2:      minmay_spotlight, layout_basic
D:4:      layout_basic, dreamdust_gnoll_farm

Action                     || total
---------------------------++-------
  Melee: Club              ||    30
         Halberd           ||    69
         Tailslap          ||    12
    Use: Potion            ||     1
 Armour: Skin              ||    66
  Dodge: Dodged            ||    67

Table legend: (Time is in decaauts)
 A = Elapsed time spent in this place.
 B = Non-inter-level travel time spent in this place.
 C = Inter-level travel time spent in this place.
 D = Time resting spent in this place.
 E = Time spent auto-exploring this place.
 F = Levels seen in this place.
 G = Mean time per level.
                   A        B        C        D        E       F      G
               +--------+--------+--------+--------+--------+-----+--------+
         Total |   1132 |   1112 |     20 |      0 |    609 |   3 |  377.3 |
       Dungeon |   1132 |   1112 |     20 |      0 |    609 |   3 |  377.3 |
               +--------+--------+--------+--------+--------+-----+--------+

Top non-repeatable levels by time:
     D:1: 733 daAuts
     D:2: 284 daAuts
     D:4: 114 daAuts
